← All builds
Geo / Armada / Economy first / OBSERVED BUILD

Standard geo

Armada Geo build order · Supreme Isthmus

Standard Geo economy play: geothermal into advanced metal extractor and advanced geothermal, blows up the commander for T2, then transitions into Starlight and T2 constructors to supply the front and allies.

Usually blows up the commander for T2 (67%)

#eco #t2 #team support · 762 distinct matches · 111 players · 59% of Armada Geo games · team won 54% of 857 · Recently observed

HOW TO PLAY IT

Key timing: Geothermal Powerplant by 3:26

  1. Open mex and wind into Bot Lab.
  2. Rush geothermal for the early energy spike.
  3. Add Advanced Metal Extractor, then Advanced Geothermal by 7:07.
  4. Bring up Vehicle Plant alongside T2 con for "Starlight" and vehicles.
  5. Funnel "Starlight" and T1 vehicles to front, pay allies with cons and "Lazarus".

Phase by phase

TYPICAL OF ITS 762 GAMES
  1. 1
  2. 2
  3. 3
  4. 4
PLAY THE OPENING

Follow the example game's first 6:00 step by step: what to build now, what comes next, and where it goes. At 1× it keeps pace with your own game.

  1. 1

    Up to the Bot Lab

    Economy
    • Metal Extractor2Mex
    • Wind Turbine4Wind
    Order
    1. Bot LabBot Lab after 2 mex, 4 winddone ~1:12, middle half 0:58–1:22

    By 0:55 in all: 2 mex · 4 wind

    The example game in this phase · 5 steps
    1. Mex ×3
    2. Wind ×4
    3. Energy storage
    4. Wind ×2
    5. Bot LabBot Labdone 1:50 · typical 1:12
  2. 2

    Bot Lab to 5:00

    Economy
    • Metal Extractor2Mex
    • Wind Turbine3Wind
    • Energy Converter8Converter
    • Energy Storage1Energy storage
    Order
    1. Geothermal PowerplantGeo after 4 mex, 5 wind, 1 energy storage
    Builders
    • Construction Turret5 Con turret
    • Lazarus4 Lazarus
    • Construction Bot2 Con bot
    • Construction Bot1 Con bot for allies
    • Lazarus1 Lazarus for allies

    By 5:00 in all: 4 mex · 7 wind · 1 geo · 8 converter · 1 energy storage · 5 con turret

    The example game in this phase · 15 steps
    1. LazarusLazarus
    2. Construction BotCon bot
    3. LazarusLazarus ×2
    4. Construction BotCon bot
    5. Mex
    6. Con turret
    7. PawnPawn
    8. Geothermal PowerplantGeodone 3:42 · typical 3:26
    9. Con turret
    10. Converter
    11. Con turret
    12. Converter ×2
    13. PawnPawn ×7
    14. Mex
    15. PawnPawn ×4
  3. 3

    5:00 to Vehicle Plant

    Order
    1. Advanced Geothermal PowerplantAdvanced Geothermal Powerplant after 8 wind, 10 converter, 6 con turretin 59% of games
    2. Vehicle PlantVehicle Plant after 10 wind, 10 converter, 6 con turretdone ~7:07, middle half 6:41–7:40
    Builders
    • Construction Turret1 Con turret

    Some games also: converter (49%) · wind (47%)

    By 7:00 in all: 4 mex · 10 wind · 1 geo · 1 Advanced Geothermal Powerplant · 10 converter · 1 energy storage

    The example game in this phase · 7 steps
    1. PawnPawn
    2. Mex
    3. PawnPawn ×4
    4. Construction BotCon bot ×3
    5. Con turret ×2
    6. Advanced Bot LabAdvanced Bot Labdone 8:31
    7. Con turret
  4. 4

    Vehicle Plant to 10:00

    Economy
    • Wind Turbine5Wind
    • Energy Converter3Converter
    Order
    1. Advanced Vehicle PlantAdvanced Vehicle Plant after 11 wind, 11 converter, 7 con turret
    Builders
    • Construction Vehicle1 Con vehicle
    Army
    • Starlight2 Starlight
    • Umbra1 Jammer
    • Prophet1 Radar vehicle

    Some games also: con turret (49%) · T2 con vehicle for allies (48%) · Jaguar (31%)

    By 10:00 in all: 4 mex · 20 wind · 1 geo · 1 Advanced Geothermal Powerplant · 16 converter · 1 energy storage

    The example game in this phase · 75 steps
    1. Wind ×4
    2. Converter
    3. Wind
    4. Converter
    5. Wind
    6. Converter ×5
    7. Wind ×2
    8. Advanced Construction BotT2 con bot
    9. Wind ×3
    10. Advanced Metal ExtractorT2 mexdone 9:27 · typical 5:34
    11. Converter
    12. Wind
    13. ButlerButler
    14. Advanced Construction BotT2 con bot
    15. Wind ×2
    16. Advanced Metal ExtractorT2 mex
    17. Advanced Construction BotT2 con bot
    18. Wind
    19. Metal storage
    20. Wind ×3
    21. Converter
    22. Wind
    23. Advanced Metal ExtractorT2 mex
    24. Wind ×2
    25. Advanced Geothermal PowerplantAdvanced Geothermal Powerplantdone 12:03 · typical 7:07
    26. Advanced Metal ExtractorT2 mex
    27. Wind ×2
    28. Converter ×2
    29. Con turret
    30. Wind ×3
    31. Con turret
    32. T2 converter
    33. Converter
    34. Aircraft PlantAircraft Plantdone 12:30
    35. Con turret
    36. Wind ×5
    37. Con turret
    38. Wind
    39. Construction AircraftCon aircraft
    40. Wind
    41. Advanced Aircraft PlantAdvanced Aircraft Plantdone 13:17
    42. Wind
    43. Con turret
    44. Wind
    45. Fortification WallFortification Wall
    46. Pit BullPit Bull
    47. Fortification WallFortification Wall ×4
    48. Converter
    49. Fortification WallFortification Wall ×2
    50. LicheLichedone 13:59
    51. Fortification WallFortification Wall
    52. Wind
    53. Fortification WallFortification Wall
    54. BeamerBeamer
    55. Wind
    56. Fortification WallFortification Wall ×4
    57. Wind
    58. Fortification WallFortification Wall ×2
    59. HighwindHighwind
    60. Pit BullPit Bull
    61. Fortification WallFortification Wall
    62. Wind
    63. HighwindHighwind ×2
    64. Wind
    65. Con turret
    66. HighwindHighwind
    67. Wind ×2
    68. HighwindHighwind
    69. BeamerBeamer
    70. HighwindHighwind
    71. LicheLiche
    72. Wind ×3
    73. BeamerBeamer
    74. CitadelAnti-nukenot finished by 15:00
    75. Wind ×2

Counts are medians over the build's games: half of them build more, half fewer. The example game is JesterB's (36 OS, 15/09/2026); pick another.

Team trades

IN AT LEAST 30% OF ITS GAMES

You hand over

  • Lazarus1 Lazarus to Beach seafirst at 2:16 · in 77% of games
  • Construction Bot1 Con bot to Beach seafirst at 2:30 · in 87% of games
  • Advanced Construction Vehicle1 T2 con vehicle to Suicide front or Frontfirst at 8:52 · in 62% of games

You get

  • Hercules1 Light transport from Airfirst at 4:19 · in 34% of games
  • Advanced Construction Bot1 T2 con bot from Techfirst at 4:48 · in 95% of games

How it plays out

Typical game of this build, running totals by minute

Metal produced

020k40k
0:005:0010:0015:00

metal

Enemy metal destroyed

05k10k15k
0:005:0010:0015:00

metal

Own metal lost

02.5k5k7.5k
0:005:0010:0015:00

metal

857 games.

Show as table
ByMetal produced: This buildEnemy metal destroyed: This buildOwn metal lost: This build
1:0033300
2:0082800
3:00152800
4:00270600
5:00372900
6:00572000
7:00814000
8:0011502021
9:001450952130
10:0017425627320
11:00204052075790
12:002330539821933
13:002611260863295
14:002900184934700
15:0031601103396090
WHAT THE NUMBERS SAY

Standard Geo build dominates the resource numbers, with zero own losses through 10:00 and a huge metal lead by 15:00.

  • + Metal produced hits 31426 by 15:00, highest of all six builds
  • + Own metal lost is 0 by 5:00 and only 334 by 10:00
  • − First Starlight only arrives in 57% of games by 9:19
  • − Advanced geothermal lands in just 69% of games by 7:16
THE EXAMPLE YOU ARE READING

JesterB

35.5 OS · 15/09/2026

Open source match ↗

0 received units
7 metal received · 1143 energy received

Allied construction assistance is unknown. Timings are observations, not a promise of solo reproducibility.

Typical milestones

Bot Lab1:12Middle 50%: 0:58–1:22 · n=856
Geothermal Powerplant3:26Middle 50%: 3:10–3:42 · n=854
Advanced Metal Extractor5:34Middle 50%: 5:18–5:56 · n=853
Advanced Geothermal Powerplant7:07Middle 50%: 6:49–7:34 · n=617
Vehicle Plant7:07Middle 50%: 6:41–7:40 · n=816
Advanced Vehicle Plant8:07Middle 50%: 7:41–8:47 · n=777
Starlight9:03Middle 50%: 8:32–9:52 · n=682

Played most by

0neTw086games of this buildzeus_on_god86games of this buildViltrum54games of this buildDamsko44games of this buildXad44games of this build